 Dungeon Crawl Stone Soup version 0.27.1-35-g4d5d836560 (webtiles) character file.

Game seed: 9641443354552804969

114870 cbfl8 the Warrior (level 16, -4/134 HPs)
             Began as a Minotaur Fighter on July 17, 2022.
             Was a High Priest of Yredelemnul.
             Slain by a goliath frog (16 damage)
             ... on level 4 of the Swamp.
             The game lasted 01:39:24 (45847 turns).

cbfl8 the Warrior (Minotaur Fighter)               Turns: 45847, Time: 01:39:25

Health: -4/134     AC: 25    Str: 24    XL:     16   Next: 17%
Magic:  21/23      EV:  8    Int:  5    God:    Yredelemnul [*****.]
Gold:   2292       SH: 22    Dex: 16    Spells: 15/15 levels left

rFire    . . .     SeeInvis +   X - +3 morningstar of Termination {freeze, +Rage rPois SInv Stlth+}
rCold    . . .     Faith    +   c - +3 tower shield
rNeg     . . .     Spirit   .   I - +5 chain mail of Vilak {rElec rCorr Str-4 Stlth+}
rPois    +         Reflect  .   x - +2 hat {Will+}
rElec    +         Harm     .   W - scarf {+Inv}
rCorr    +         Rampage  .   k - +0 pair of gloves
Will     ++...                  M - +0 pair of boots
Stlth    ++........             K - amulet of faith
HPRegen  0.32/turn              a - ring of flight
MPRegen  0.18/turn              n - +6 ring of strength

@: on berserk cooldown, flying, slowed, very slow
A: horns 2, retaliatory headbutt, iridescent scales 1, frail 1
a: Renounce Religion, Evoke Berserk Rage, Evoke Invisibility, Recall Undead
Slaves, Injury Mirror, Animate Dead, Drain Life, Enslave Soul


You were on level 4 of the Swamp.
You worshipped Yredelemnul.
Yredelemnul was extremely pleased with you.
You visited 5 branches of the dungeon, and saw 28 of its levels.
You also visited: Volcano.

You collected 2292 gold pieces.

Inventory:

Hand Weapons
 N - a +1 broad axe of flaming
 X - the +3 morningstar of Termination (weapon) {freeze, +Rage rPois SInv Stlth+}
   (You found it on level 4 of the Lair of Beasts)

   It freezes those it strikes, dealing additional cold damage.
   It can also slow down cold-blooded creatures.
   rPois:     It protects you from poison.
   SInv:      It lets you see invisible.
   +Rage:     It lets you go berserk.
   Stlth:     It makes you more stealthy.
Armour
 c - a +3 tower shield (worn)
 k - a +0 pair of gloves (worn)
 x - a +2 hat of willpower (worn)
 I - the +5 chain mail of Vilak (worn) {rElec rCorr Str-4 Stlth+}
   (You found it on level 7 of the Dungeon)

   Str:       It affects your strength (-4).
   rElec:     It insulates you from electricity.
   rCorr:     It protects you from acid and corrosion.
   Stlth:     It makes you more stealthy.
 M - a +0 pair of boots (worn)
 W - a scarf of invisibility (worn)
Jewellery
 a - a ring of flight (left hand)
 e - a ring of see invisible
 g - a ring of willpower
 n - a +6 ring of strength (right hand)
 y - a ring of resist corrosion
 C - a ring of protection from fire
 K - an amulet of faith (around neck)
 R - a ring of willpower
 Y - a +6 ring of dexterity
Wands
 j - a wand of mindburst (32)
 l - a wand of acid (1) (quivered)
 m - a wand of digging (4)
 u - a wand of flame (55)
 H - a wand of charming (4)
 L - a wand of polymorph (12)
 Q - a wand of paralysis (30)
 T - a wand of iceblast (19)
Scrolls
 b - 2 scrolls of brand weapon
 d - 5 scrolls of enchant weapon
 h - a scroll of immolation
 p - a scroll of holy word
 q - 5 scrolls of fog
 r - 3 scrolls of fear
 s - a scroll of summoning
 t - 3 scrolls of magic mapping
 v - 2 scrolls of silence
 w - 5 scrolls of teleportation
 E - 2 scrolls of identify
Potions
 f - 7 potions of lignification
 i - a potion of curing
 o - a potion of heal wounds
 A - 2 potions of ambrosia
 B - 3 potions of cancellation
 F - a potion of berserk rage
 O - 2 potions of might
 P - 2 potions of invisibility
 U - 2 potions of resistance
 Z - 4 potions of haste
Miscellaneous
 z - a piece from Xom's chessboard (15/15)
 D - a box of beasts
 J - a piece from Xom's chessboard (15/15)


   Skills:
 * Level 15.0 Fighting
 + Level 7.0(12.0) Axes
 + Level 14.5(15.0) Maces & Flails
 + Level 4.1(6.1) Polearms
 + Level 13.3 Armour
 + Level 4.7 Dodging
 - Level 4.1 Stealth
 + Level 12.3 Shields
 + Level 10.9 Invocations
 * Level 11.2 Evocations


You had 15 spell levels left.
You didn't know any spells.
Your spell library contained the following spells:

 Spells                   Type           Power      Damage    Failure   Level
 Magic Dart               Conj           0%         1d3       100%        1
 Call Imp                 Summ           0%         N/A       100%        2
 Corpse Rot               Necr/Air       N/A        N/A       100%        2
 Ensorcelled Hibernation  Hex/Ice        0%         N/A       100%        2
 Poisonous Vapours        Pois/Air       0%         N/A       100%        2
 Gell's Gravitas          Tloc           0%         N/A       100%        3
 Mephitic Cloud           Conj/Pois/Air  0%         N/A       100%        3
 Ozocubu's Armour         Ice            0%         N/A       100%        3
 Spider Form              Tmut/Pois      0%         N/A       100%        3
 Stone Arrow              Conj/Erth      0%         3d7       100%        3
 Teleport Other           Tloc           0%         N/A       100%        3
 Animate Dead             Necr           0%         N/A       100%        4
 Leda's Liquefaction      Hex/Erth       0%         N/A       100%        4
 Petrify                  Tmut/Erth      0%         N/A       100%        4
 Alistair's Intoxication  Tmut/Pois      0%         N/A       100%        5
 Bolt of Magma            Conj/Fire/Erth 0%         4d4       100%        5
 Borgnjor's Vile Clutch   Necr/Erth      0%         N/A       100%        5
 Freezing Cloud           Conj/Ice/Air   0%         6-21      100%        5
 Metabolic Englaciation   Hex/Ice        0%         N/A       100%        5
 Death Channel            Necr           0%         N/A       100%        6
 Dispersal                Tloc           0%         N/A       100%        6
 Eringya's Noxious Bog    Tmut/Pois      0%         N/A       100%        6
 Shadow Creatures         Summ           N/A        N/A       100%        6
 Simulacrum               Ice/Necr       0%         N/A       100%        6
 Statue Form              Tmut/Erth      0%         N/A       100%        6
 Ozocubu's Refrigeration  Ice            0%         4d5       100%        7
 Shatter                  Erth           0%         3d5*      100%        9


Dungeon Overview and Level Annotations

Branches:
Dungeon (15/15)            Temple (1/1) D:5            Lair (6/6) D:8
  Swamp (4/4) Lair:3        Snake (0/4) Lair:2        Slime (0/5) Lair:6
    Orc (2/2) D:10            Elf (0/3) Orc:2        Vaults (0/5) D:13
 Depths (0/5) D:15        Volcano (visited)

Altars:
Cheibriados
Elyvilon
Fedhas
Hepliaklqana
Kikubaaqudgha
Makhleb
Nemelex Xobeh
Okawaru
Ru
Sif Muna
Trog
Uskayaw
Vehumet
Wu Jian
Xom
Yredelemnul
Beogh
Lugonu

Shops:
D:9 :   Orc:2 ([(*

Portals:
Abyss: D:7

Annotations:
D:13 3 runed translucent doors, Flarelocke's ghost, journeyman TrMo
Lair:6 1 runed translucent door, Scoutboy87's ghost, journeyman MiFi
Swamp:2 2 transporters, Ironcache's ghost, adept SpEn


Innate Abilities, Weirdness & Mutations

You have a pair of horns on your head.
You reflexively headbutt those who attack you in melee.
You are partially covered in iridescent scales. (AC +2)
You are frail. (-10% HP)


Message History

Yredelemnul accepts your kill.
The goliath frog hits you but does no damage.
You block the shadow's attack.
The swamp worm fires a harpoon shot at you.
The harpoon shot hits you!!
You are yanked forward by the harpoon shot.
Your Fighting skill increases to level 15!
Found a scroll of identify.
You are too injured to fight recklessly!
You are too injured to fight recklessly!
Unknown command.
The will-o-the-wisp gestures.
The will-o-the-wisp conjures some foxfire!
You block the goliath frog's attack.
The swamp worm barely misses you. 2 foxfires come into view.
The foxfire hits you but does no damage.
You block the goliath frog's attack.
The swamp worm bites you but does no damage.
The shadow closely misses you. You furiously retaliate!
You headbutt the shadow, but do no damage.
The goliath frog hits you but does no damage.
The will-o-the-wisp gestures.
The will-o-the-wisp conjures some foxfire!
The swamp worm closely misses you. You furiously retaliate!
You headbutt the swamp worm!
The shadow barely misses you. 2 foxfires come into view.
You bludgeon the shadow!! You headbutt the shadow.
You destroy the shadow!
Yredelemnul accepts your kill. The foxfire hits you!
* * * LOW HITPOINT WARNING * * *
The foxfire hits you!
* * * LOW HITPOINT WARNING * * *
The foxfire hits you!
* * * LOW HITPOINT WARNING * * *
The goliath frog closely misses you. The swamp worm barely misses you.
You furiously retaliate!
You headbutt the swamp worm! The goliath frog hits you!
You die...
Your body rises from the dead as a mindless zombie.

♣♣♣♣♣≈.≈≈≈ ♣♣..≈§.≈≈v≈
♣♣≈. ♣♣.≈≈≈≈§≈≈≈≈
♣♣≈..♣ ♣≈≈≈≈≈§§§.≈§
.≈.≈≈≈ ♣!≈≈≈≈§≈§.♣
...§≈≈♣♣.§≈≈§v≈≈≈♣
..≈≈≈≈≈.§≈§§§≈≈≈<♣
≈≈.....≈≈§F§†.≈≈.♣
≈≈..≈...≈@§§†.≈≈≈$.
≈$≈♣♣.w≈♣≈♣♣≈≈.≈≈
≈≈≈...≈≈?........≈≈≈
≈≈≈.≈$≈≈≈≈≈..≈♣≈≈...≈
≈≈≈.≈..≈≈≈≈.≈♣♣♣♣♣≈≈..
≈≈≈.≈≈.≈≈..$..♣ ≈.≈≈♣
≈.....§≈≈.≈...♣
?...≈.≈≈≈.≈≈♣♣♣
≈≈§...≈.≈≈.♣♣


You could see a goliath frog, a will-o-the-wisp and a swamp worm.

Vanquished Creatures
  A tentacled monstrosity (Swamp:2)
  Gastronok (D:12)
  2 bunyips
  3 eleionomae
  An ice dragon (D:13)
  The ghost of spiderkeys the Summoner, a journeyman DEAK of Lugonu (Lair:4)
  A ghost crab (Swamp:2)
  Harold (D:8)
  2 boulder beetles
  2 hydras
  2 centaur warriors (D:13)
  2 ogre magi (D:15)
  Erica (D:8)
  15 two-headed ogres
  4 death yaks
  4 alligators
  3 tengu warriors
  A hell knight (Volcano)
  A goliath frog (Swamp:3)
  An iron troll (D:13)
  2 sea snakes (Lair:6)
  2 bog bodies
  2 spriggan druids
  3 swamp dragons
  A harpy (shapeshifter) (D:15)
  A harpy (Lair:6)
  A deep elf pyromancer (D:13)
  4 lindwurms (Lair:3)
  An orc knight (Orc:1)
  5 orc sorcerers
  A manticore (D:14)
  8 ugly things
  An oklob plant (Lair:6)
  3 cyclopes
  A will-o-the-wisp (Swamp:3)
  6 elephants
  9 black mambas
  3 torpor snails
  16 cane toads
  A gargoyle (D:12)
  Maggie (D:7)
  Psyche (D:8)
  2 kobold demonologists (D:10)
  An efreet (D:14)
  5 rime drakes (Lair:6)
  A tengu conjurer (D:14)
  4 komodo dragons
  6 trolls
  A polar bear (Lair:6)
  A tyrant leech (Swamp:1)
  2 hornets
  3 wind drakes (Lair:6)
  A slime creature (shapeshifter) (D:13)
  3 blink frogs (Lair:6)
  Grinder (D:5)
  5 slime creatures
  A shadow (Swamp:4)
  5 wyverns
  5 spriggans
  2 wraiths (D:12)
  40 yaks
  2 basilisks
  Grum (D:8)
  2 water elementals (D:15)
  5 steam dragons
  9 vampire mosquitoes
  An acid dragon (D:12)
  8 swamp worms
  16 water moccasins
  2 swamp drakes
  11 orc warriors
  2 ice beasts (D:6)
  2 black bears
  7 ogres
  2 sky beasts (D:6)
  2 necrophages
  23 wolves
  2 centaurs
  5 kobold brigands
  A wyvern zombie (D:8)
  13 bullfrogs
  2 scorpions
  A wyvern skeleton (D:7)
  10 killer bees
  3 wights (D:10)
  4 howler monkeys
  2 electric eels (Lair:5)
  2 centaur zombies
  A jelly (D:7)
  A gnoll shaman (D:10)
  12 orc priests
  3 bullfrog skeletons
  7 hounds
  Jessica (D:3)
  27 orc wizards
  Terence (D:3)
  An iguana (D:6)
  4 hell rats (Lair:1)
  A killer bee zombie (D:9)
  Robin (D:2)
  2 howler monkey zombies (D:8)
  4 gnolls (D:10)
  9 adders
  2 shadow imps
  2 white imps (D:6)
  An ufetubus (D:6)
  2 worms
  A dart slug (D:2)
  53 orcs
  11 ball pythons
  7 bats
  10 endoplasms
  A giant cockroach (D:2)
  9 goblins
  15 hobgoblins
  8 jackals
  6 quokkas
  5 frilled lizards
  10 kobolds
  4 rats
  A briar patch (Swamp:2)
574 creatures vanquished.

Vanquished Creatures (collateral kills)
  A thorn hunter (Swamp:2)
  A stone giant (D:15)
  2 bunyips
  3 eleionomae
  4 hydras
  2 boulder beetles (D:12)
  A merfolk avatar (Lair:6)
  An ogre mage (Volcano)
  2 two-headed ogres (D:15)
  10 alligators
  A tengu warrior (D:15)
  4 death yaks (Lair:6)
  Sonja (D:12)
  4 skeletal warriors (D:15)
  A death drake (Swamp:2)
  A swamp dragon (Swamp:1)
  A deep elf pyromancer (D:14)
  A spectral spriggan (Swamp:2)
  4 ugly things (D:15)
  An oklob plant (Lair:6)
  An orc knight (Orc:2)
  3 orc sorcerers (Orc:2)
  2 cyclopes
  4 manticores
  8 elephants
  A gargoyle (D:12)
  A torpor snail (Lair:6)
  2 cane toads
  2 komodo dragons
  2 rime drakes
  4 trolls
  5 tyrant leeches
  A polar bear (Lair:6)
  A wind drake (Lair:6)
  4 hornets
  3 slime creatures
  6 blink frogs
  4 spriggans
  A wraith (D:12)
  30 yaks
  3 vampire mosquitoes
  6 water moccasins
  5 swamp worms
  A swamp drake (Swamp:1)
  6 orc warriors
  4 wolves
  5 ogres
  A kobold brigand (D:11)
  4 bullfrogs
  An electric eel (Lair:3)
  A wight (D:10)
  3 howler monkeys
  2 centaur zombies
  4 orc priests
  8 orc wizards
  2 human simulacra (D:13)
  4 adders (Lair:3)
  21 orcs
  4 kobolds
  3 briar patches (Swamp:2)
219 creatures vanquished.

Vanquished Creatures (others)
  A vampire knight (Swamp:2)
  A spectral human (D:12)
  A skeletal warrior (D:12)
  2 flayed ghosts
  A phantasmal warrior (Swamp:2)
  An unseen horror (D:12)
  4 bloated husks
  3 wraiths
  A spectral cyclops (D:15)
  9 flying skulls
  4 vampires
  3 wights
  4 ugly thing zombies (D:15)
  A harpy zombie (Lair:6)
  An orc wizard (Orc:2)
  2 sea snake zombies (Lair:6)
  An alligator zombie (Swamp:1)
  3 black mamba zombies
  2 death yak zombies
  4 blink frog zombies
  3 swamp worm zombies (Swamp:1)
  4 cane toad zombies
  A wind drake zombie (Lair:6)
  A boulder beetle zombie (D:13)
  4 two-headed ogre zombies
  3 tyrant leech zombies
  3 hornet zombies
  4 water moccasin zombies
  5 elephant zombies (Lair:3)
  A komodo dragon zombie (Lair:3)
  2 polar bear zombies (Lair:6)
  3 swamp dragon zombies
  A wyvern zombie (Lair:6)
  20 yak zombies
  A bog body skeleton (Swamp:2)
  A howler monkey zombie (D:12)
  3 rime drake zombies
  A cyclops zombie (D:12)
  2 basilisk zombies
  A black bear zombie (Lair:5)
  A human zombie (D:8)
  An ogre zombie (D:15)
  4 spriggan zombies
  3 adder zombies (Lair:3)
  5 bullfrog zombies
  A centaur zombie (D:9)
  3 gnoll zombies
  32 orc zombies
  5 vampire mosquito zombies
  5 wolf zombies
  3 briar patches (Swamp:2)
  4 foxfires (Swamp:4)
  85 fungi
  193 plants
458 creatures vanquished.

Grand Total: 1251 creatures vanquished

Notes
Turn   | Place    | Note
-------+----------+-------------------------------------------
     0 | D:1      | cbfl8 the Minotaur Fighter began the quest for the Orb.
     0 | D:1      | Reached XP level 1. HP: 19/19 MP: 0/0
   123 | D:1      | Reached XP level 2. HP: 24/27 MP: 1/1
   366 | D:1      | Reached skill level 4 in Fighting
   389 | D:1      | Found a faded altar of an unknown god.
   799 | D:2      | Reached XP level 3. HP: 30/33 MP: 2/2
   935 | D:2      | Reached skill level 1 in Invocations
   997 | D:2      | Noticed Robin
  1008 | D:2      | Killed Robin
  1009 | D:2      | Reached XP level 4. HP: 25/40 MP: 3/3
  1551 | D:3      | Noticed Jessica
  1574 | D:3      | Killed Jessica
  1575 | D:3      | Reached skill level 1 in Evocations
  1660 | D:3      | Reached XP level 5. HP: 46/47 MP: 5/5
  1798 | D:3      | Noticed Terence
  1808 | D:3      | Killed Terence
  2457 | D:4      | Noticed an ogre
  2508 | D:4      | Reached skill level 1 in Dodging
  2635 | D:4      | Reached XP level 6. HP: 53/53 MP: 6/6
  2727 | D:4      | Reached skill level 1 in Maces & Flails
  2805 | D:4      | Reached skill level 5 in Fighting
  2953 | D:5      | Entered Level 5 of the Dungeon
  2984 | D:5      | Reached XP level 7. HP: 50/61 MP: 7/7
  3170 | D:5      | Noticed Grinder
  3186 | D:5      | Killed Grinder
  3187 | D:5      | Reached skill level 5 in Armour
  3556 | D:5      | Found a staircase to the Ecumenical Temple.
  3611 | D:5      | Reached XP level 8. HP: 69/69 MP: 9/9
  3653 | D:5      | Reached skill level 5 in Shields
  3720 | Temple   | Entered the Ecumenical Temple
  3728 | Temple   | Became a worshipper of Yredelemnul the Dark
  3954 | D:6      | Reached skill level 6 in Fighting
  3974 | D:6      | Reached skill level 5 in Maces & Flails
  4530 | D:6      | Reached skill level 1 in Polearms
  4533 | D:6      | Reached XP level 9. HP: 37/78 MP: 9/11
  4931 | D:6      | Identified the +7 whip "Donledih" {freeze, rPois rN+}
  5259 | D:7      | Noticed Maggie
  5270 | D:7      | Killed Maggie
  5271 | D:7      | Reached skill level 7 in Fighting
  5442 | D:7      | Reached * piety under Yredelemnul
  5910 | D:7      | Identified the +5 chain mail of Vilak {rElec rCorr Str-4
                  | Stlth+}
  5954 | D:7      | Found a large runed translucent door.
  6014 | D:7      | Found a large runed translucent door.
  6015 | D:7      | Found a corrupted altar of Lugonu.
  6232 | D:7      | Found a one-way gate to the infinite horrors of the Abyss.
  6334 | D:7      | Identified the +1 dagger of Emaoteng {distort, rElec rF+}
  7160 | D:8      | Noticed a two-headed ogre
  7186 | D:8      | Killed a two-headed ogre
  7187 | D:8      | Reached skill level 5 in Invocations
  7472 | D:8      | Noticed Grum
  7487 | D:8      | Reached skill level 5 in Evocations
  7498 | D:8      | Killed Grum
  7499 | D:8      | Reached XP level 10. HP: 68/88 MP: 12/12
  7645 | D:8      | Your ally Grum died
  7698 | D:8      | Noticed Psyche
  7717 | D:8      | Killed Psyche
  7718 | D:8      | Reached skill level 8 in Fighting
  7830 | D:8      | Found a staircase to the Lair.
  7901 | D:8      | Reached skill level 1 in Stealth
  8061 | D:8      | Noticed Harold
  8066 | D:8      | Your ally Psyche died
  8073 | D:8      | Killed Harold
  8416 | D:8      | Noticed Erica
  8422 | D:8      | Killed Erica
  9027 | D:9      | Reached ** piety under Yredelemnul
  9121 | D:9      | Found Pocluju's Book Shop.
  9295 | D:9      | Reached skill level 9 in Fighting
  9295 | D:9      | Reached XP level 11. HP: 68/97 MP: 14/14
  9758 | D:9      | Found a hazy altar of Hepliaklqana.
 10145 | D:10     | Entered Level 10 of the Dungeon
 10543 | D:10     | Found a staircase to the Orcish Mines.
 10599 | D:10     | Noticed a two-headed ogre
 10608 | D:10     | Killed a two-headed ogre
 11525 | D:10     | Noticed a sun demon
 11528 | D:10     | Noticed a soul eater
 11577 | D:10     | Gained mutation: You are frail. (-10% HP) [potion of
                  | mutation]
 11577 | D:10     | Gained mutation: You are partially covered in iridescent
                  | scales. (AC +2) [potion of mutation]
 11621 | D:10     | Reached *** piety under Yredelemnul
 12974 | Lair:1   | Entered Level 1 of the Lair of Beasts
 12982 | Lair:1   | Reached skill level 5 in Axes
 13496 | Lair:1   | Received a gift from Yredelemnul (4 flying skulls)
 13629 | Lair:1   | Identified the +3 leather armour of Sunkorr {rC+ Str+2
                  | Stlth+}
 14090 | Lair:1   | You fall into a shaft and drop 1 floor!
 14099 | Lair:2   | Reached skill level 10 in Fighting
 14203 | Lair:2   | Received a gift from Yredelemnul (a wight)
 14982 | Lair:2   | Noticed a four-headed hydra
 14991 | Lair:2   | Killed a four-headed hydra
 15587 | Lair:2   | Reached XP level 12. HP: 94/95 MP: 16/16
 15820 | Lair:2   | Reached skill level 10 in Armour
 15822 | Lair:2   | Reached **** piety under Yredelemnul
 15844 | Lair:2   | Found a staircase to the Snake Pit.
 17285 | Lair:3   | Received a gift from Yredelemnul (5 flying skulls)
 17383 | Lair:3   | Identified the +1 leather armour of the Candlemaker {rElec}
 17646 | Lair:3   | Received a gift from Yredelemnul (a wight)
 17805 | Lair:3   | Found a staircase to the Swamp.
 18015 | Lair:3   | Reached ***** piety under Yredelemnul
 18374 | Lair:3   | Received a gift from Yredelemnul (a wraith)
 18391 | Lair:3   | Reached skill level 11 in Fighting
 18944 | Lair:3   | Reached XP level 13. HP: 80/104 MP: 11/18
 18947 | Lair:3   | HP: 2/104 [lindwurm/blast of flame (13)]
 19536 | Lair:3   | Reached skill level 10 in Maces & Flails
 20279 | Lair:4   | Identified the +3 morningstar of Termination {freeze, +Rage
                  | rPois SInv Stlth+}
 20444 | Lair:4   | Noticed spiderkeys's ghost (journeyman DEAK)
 20644 | Lair:4   | Identified the +1 leather armour "Lonino" {+Blink}
 20681 | Lair:4   | Found a transporter.
 20692 | Lair:4   | Found a transporter.
 21540 | Lair:4   | Killed spiderkeys's ghost
 23341 | Lair:6   | Entered Level 6 of the Lair of Beasts
 23370 | Lair:6   | Received a gift from Yredelemnul (a wraith)
 23732 | Lair:6   | Reached skill level 10 in Invocations
 23742 | Lair:6   | Reached skill level 12 in Fighting
 24056 | Lair:6   | Reached skill level 10 in Shields
 24062 | Lair:6   | Found a runed translucent door.
 24068 | Lair:6   | Noticed Scoutboy87's ghost (journeyman MiFi)
 24141 | Lair:6   | Received a gift from Yredelemnul (a wraith)
 24303 | Lair:6   | Found a staircase to the Slime Pits.
 24898 | Lair:6   | Reached XP level 14. HP: 16/113 MP: 20/20
 25535 | Lair:6   | Received a gift from Yredelemnul (a wight)
 27140 | Orc:1    | Entered Level 1 of the Orcish Mines
 27710 | Orc:1    | Received a gift from Yredelemnul (a vampire)
 28123 | Orc:2    | Entered Level 2 of the Orcish Mines
 28394 | Orc:2    | Found a staircase to the Elven Halls.
 28460 | Orc:2    | Found Qafask's General Store.
 28499 | Orc:2    | Received a gift from Yredelemnul (a skeletal warrior)
 28533 | Orc:2    | Found a dark tunnel.
 28548 | Volcano  | Entered a volcano
 28983 | Orc:2    | Received a gift from Yredelemnul (a vampire)
 29224 | Orc:2    | Found Biciapis's Antique Weapon Emporium.
 29489 | Orc:2    | Found a shimmering blue altar of Sif Muna.
 29852 | Orc:2    | Found Soyh's Armour Shop.
 29874 | Orc:2    | Reached skill level 13 in Fighting
 30208 | Orc:2    | Found Lyty's Antique Weapon Emporium.
 31547 | D:11     | Received a gift from Yredelemnul (a flayed ghost)
 32212 | D:11     | Identified the +0 leather armour "Caor" {rC- Int+3 Stlth+}
 32395 | D:11     | Received a gift from Yredelemnul (a vampire)
 33149 | D:12     | Noticed Frances
 33158 | D:12     | Killed Frances
 33158 | D:12     | Enslaved Frances
 33285 | D:12     | Noticed Gastronok
 33298 | D:12     | Killed Gastronok
 33299 | D:12     | Noticed Sonja
 33306 | D:12     | Your ally Frances died
 33332 | D:12     | Killed Sonja
 33430 | D:12     | Received a gift from Yredelemnul (a vampire)
 34276 | D:12     | Found a shimmering altar of Xom.
 34839 | D:13     | Reached skill level 10 in Evocations
 35024 | D:13     | Found a runed translucent gate.
 35025 | D:13     | Found a runed translucent gate.
 35328 | D:13     | Noticed Flarelocke's ghost (journeyman TrMo)
 35350 | D:13     | Found a runed translucent gate.
 35887 | D:13     | Found a gate to the Vaults.
 36385 | D:14     | Reached XP level 15. HP: 121/123 MP: 21/21
 38331 | D:15     | Entered Level 15 of the Dungeon
 38373 | D:15     | Reached skill level 14 in Fighting
 38432 | D:15     | Received a gift from Yredelemnul (a vampire knight)
 39311 | D:15     | Received a gift from Yredelemnul (a flayed ghost)
 39668 | D:15     | Found a staircase to the Depths.
 40266 | Swamp:1  | Entered Level 1 of the Swamp
 42444 | Swamp:2  | Noticed Ironcache's ghost (adept SpEn)
 42447 | Swamp:2  | Found a transporter.
 42489 | Swamp:2  | Received a gift from Yredelemnul (a phantasmal warrior)
 42651 | Swamp:2  | Found a transporter.
 42974 | Swamp:2  | Noticed a thorn hunter
 42988 | Swamp:2  | Killed a thorn hunter
 43065 | Swamp:2  | Noticed a tentacled monstrosity
 43079 | Swamp:2  | Killed a tentacled monstrosity
 44225 | Swamp:3  | Reached XP level 16. HP: 85/132 MP: 23/23
 45064 | Swamp:4  | Entered Level 4 of the Swamp
 45844 | Swamp:4  | Reached skill level 15 in Fighting
 45847 | Swamp:4  | Slain by a goliath frog

Illustrated notes

Levels and vault maps discovered:
D:1:      sevenhm_arrival_forest_fort_small_3, layout_basic,
          hellmonk_ecumenical_altar_arch_garden
D:2:      layout_rooms, uniq_robin
D:3:      layout_loops_ring, eino_curves_04, uniq_terence, uniq_jessica
D:4:      layout_rooms
D:5:      layout_cave_pools, minmay_temple_entry_stoned_glass,
          serial_column_ruins, column_ruins_hut, column_ruins_grid_3,
          column_ruins_corridor_straight, column_ruins_columns_corner,
          column_ruins_corridor_straight, column_ruins_open_medium_water,
          grunt_tough_drop, uniq_grinder
D:6:      layout_basic
D:7:      due_chaos_kobolds, layout_loops_ring, uniq_maggie
D:8:      layout_basic, lair_entry_dummy, uniq_harold, uniq_grum, uniq_erica,
          uniq_psyche
D:9:      layout_basic, nzn_hepliaklqana_mist_gate, serial_shops,
          nicolae_diamond_shop
D:10:     layout_loops_corners, minmay_orc_entry_temple_small
D:11:     layout_long_grid, hangedman_decor_peaks_small
D:12:     nzn_winding_woodlands_three_and_one
          [nzn_winding_woodlands_5x15_pathside_ponds,
          nzn_winding_woodlands_5x15_eye, nzn_winding_woodlands_5x15_sidewinder,
          nzn_winding_woodlands_center_lodge], layout_rooms, tgw_xom,
          uniq_sonja, uniq_gastronok, uniq_frances
D:13:     layout_rooms, david_vaults_4, maelrawn_ghost_gauntlet_escape,
          bh_circular_ruins
D:14:     layout_long_grid
D:15:     grunt_enter_depths_snipers, layout_rooms, fountainhead,
          minmay_misc_feat_doors
Temple:   dpeg_three_leaves_temple
Lair:1:   layout_roguey, infiniplex_staircase_pool_2
Lair:2:   layout_regular_city, minmay_snake_entry_six_corridors,
          serial_bayou_lagoon_a, cheibrodos_lair_reptile_den
Lair:3:   minmay_lair_venomous_thicket, layout_small_grid, swamp_mist_pool,
          minmay_lindwurm_lava
Lair:4:   layout_gridlike, gammafunk_ghost_arena
Lair:5:   layout_gridlike, wad_woods_river_01, serial_bayou_shore_a,
          lemuel_fruit_tree
Lair:6:   gammafunk_lair_ancient_temple, layout_regular_city,
          minmay_slime_entry_oklob_enclosed, ebering_ghost_reflecting_pool
Swamp:1:  layout_basic_swamp, hangedman_swamp_diagram
Swamp:2:  layout_falls_marsh, gammafunk_ghost_arena, evilmike_swamp_ruin_house_4
Swamp:3:  layout_basic_swamp, nicolae_swamp_dense_foliage
Swamp:4:  swamp_vile, layout_basic_swamp, infiniplex_staircase_pool, uniq_mara
Orc:1:    layout_caves, nicolae_orc_pool_cavern
Orc:2:    st_orc_town, layout_caves, enter_volcano_1, kennysheep_orc_sif_temple

Skill      XL: |  1  2  3  4  5  6  7  8  9 10 11 12 13 14 15 16 |
---------------+-------------------------------------------------+-----
Armour         | 4 5 7 8 9 10 11 12 13 | 13.3
Fighting       | 4 5 6 7 9 10 11 12 13 14 15 | 15.0
Shields        | 4 6 7 8 10 11 12 | 12.3
Axes           | 3 4 6 7 |  7.0
Invocations    | 1 2 3 4 5 6 7 9 10 | 10.9
Evocations     | 1 2 3 4 5 6 7 8 9 10 11 | 11.2
Dodging        | 1 2 3 4 |  4.7
Maces & Flails | 2 4 5 6 7 8 9 11 13 14 | 14.5
Polearms       | 1 4 |  4.1
Stealth        | 1 2 3 4 |  4.1

Action                   |  1- 3 |  4- 6 |  7- 9 | 10-12 | 13-15 | 16-18 || total
-------------------------+-------+-------+-------+-------+-------+-------++-------
Melee: War axe           |    89 |    45 |       |       |       |       ||   134
       Headbutt          |    12 |    26 |    46 |   154 |   263 |    10 ||   511
       Mace              |       |    69 |    75 |       |       |       ||   144
       Demon trident     |       |       |    62 |       |       |       ||    62
       Whip              |       |       |    72 |   458 |    71 |       ||   601
       Battleaxe         |       |       |       |   137 |       |       ||   137
       Morningstar       |       |       |       |       |   881 |    43 ||   924
Invok: Animate Remains   |       |       |     8 |    22 |       |       ||    30
       Animate Dead      |       |       |       |    31 |    95 |     3 ||   129
       Drain Life        |       |       |       |     2 |    12 |     2 ||    16
       Recall Undead Sla |       |       |       |       |     6 |       ||     6
       Enslave Soul      |       |       |       |       |    10 |       ||    10
 Abil: Evoke Berserk Rag |       |       |       |       |    15 |     2 ||    17
Evoke: Wand              |       |       |       |       |    20 |       ||    20
       Piece from Xom's  |       |       |       |       |     1 |       ||     1
  Use: Potion            |       |     3 |     3 |    11 |     8 |       ||    25
       Scroll            |       |       |       |    12 |    22 |       ||    34
 Stab: Invisible         |       |       |       |     1 |       |       ||     1
       Distracted        |       |       |       |     9 |    15 |     1 ||    25
Armor: Scale mail        |    43 |    18 |       |       |       |       ||    61
       Chain mail        |       |    33 |   117 |   319 |   433 |    37 ||   939
Dodge: Dodged            |    44 |    36 |    82 |   227 |   251 |    26 ||   666
Block: Kite shield       |    42 |    62 |   157 |   178 |   331 |       ||   770
       Tower shield      |       |       |       |       |   351 |    66 ||   417
